 Dungeon Crawl Stone Soup version 0.27.0-66-gdc8fb28755 (webtiles) character file.

Game seed: 4755660750381970345

53 ABBCCCDDDD the Shield-Bearer (level 3, -1/35 HPs)
             Began as a Gnoll Fighter on Aug 19, 2021.
             Slain by a gnoll (7 damage)
             ... on level 1 of the Dungeon.
             The game lasted 00:01:14 (1090 turns).

ABBCCCDDDD the Shield-Bearer (Gnoll Fighter)        Turns: 1090, Time: 00:01:15

Health: -1/35      AC:  7    Str: 15    XL:     3   Next: 87%
Magic:  4/4        EV:  8    Int:  8    God:
Gold:   50         SH: 10    Dex: 17    Spells: 4/4 levels left

rFire    . . .     SeeInvis .   a - +0 war axe
rCold    . . .     Faith    .   c - +0 kite shield
rNeg     . . .     Spirit   .   b - +0 scale mail
rPois    .         Reflect  .   (no helmet)
rElec    .         Harm     .   (no cloak)
rCorr    .         Rampage  .   (no gloves)
Will     .....                  (no boots)
Stlth    ..........             (no amulet)
HPRegen  0.11/turn              j - +6 ring of dexterity
MPRegen  0.09/turn              (no ring)

@: no status effects
A: fangs 1, strong nose, distributed training
a: no special abilities


You were on level 1 of the Dungeon.
You visited 1 branch of the dungeon, and saw 2 of its levels.

You collected 50 gold pieces.

Inventory:

Hand Weapons
 a - a +0 war axe (weapon)
Armour
 b - a +0 scale mail (worn)
 c - a +0 kite shield (worn)
 e - a +0 plate armour
Jewellery
 j - a +6 ring of dexterity (left hand)
Scrolls
 f - a scroll of amnesia {unknown}
Potions
 d - a potion of might
 g - a potion of magic {unknown}
 h - a potion of berserk rage {unknown}
 i - a potion of invisibility {unknown}


   Skills:
 + Level 6.5 Fighting
 + Level 1.0 Short Blades
 + Level 1.0 Long Blades
 + Level 4.6 Axes
 + Level 1.0 Maces & Flails
 + Level 1.0 Polearms
 + Level 1.0 Staves
 + Level 1.0 Slings
 + Level 1.0 Bows
 + Level 1.0 Crossbows
 + Level 1.0 Throwing
 + Level 6.5 Armour
 + Level 1.0 Dodging
 + Level 1.0 Stealth
 + Level 6.5 Shields
 + Level 1.0 Unarmed Combat
 + Level 1.0 Spellcasting
 + Level 0.7 Conjurations
 + Level 0.7 Hexes
 + Level 0.7 Summonings
 + Level 0.7 Necromancy
 + Level 0.7 Translocations
 + Level 0.7 Transmutations
 + Level 0.7 Fire Magic
 + Level 0.7 Ice Magic
 + Level 0.7 Air Magic
 + Level 0.7 Earth Magic
 + Level 0.7 Poison Magic
 + Level 1.0 Invocations
 + Level 1.0 Evocations


You had 4 spell levels left.
You didn't know any spells.
Your spell library contained the following spells:

 Spells                   Type           Power      Damage    Failure   Level
 Static Discharge         Conj/Air       1%         N/A       99%         2
 Gell's Gravitas          Tloc           0%         N/A       100%        3
 Lesser Beckoning         Tloc           0%         N/A       100%        3
 Teleport Other           Tloc           1%         N/A       100%        3
 Dispel Undead            Necr           1%         3d6       100%        4
 Sticky Flame             Conj/Fire      1%         2d3       100%        4


Dungeon Overview and Level Annotations

Branches:
Dungeon (2/15)

Altars:
Gozag


Innate Abilities, Weirdness & Mutations

You have very sharp teeth.
Your uncanny sense of smell can sniff out nearby items.
Your experience applies equally to all skills.


Message History

You shred the net and break free!
The gnoll hits you from afar with a +0 halberd!
The gnoll barely misses you.
You climb upwards.
There is a stone staircase leading down here.
You start resting.
HP restored.
You start waiting.
Done waiting.
You climb downwards.
The gnoll hits you with a +0 whip. You block the kobold's attack.
You block the gnoll's attack. The gnoll closely misses you.
There is a stone staircase leading up, spattered with blood here.
You block the kobold's attack.
The gnoll hits you from afar with a +0 halberd.
The gnoll hits you with a +0 whip.
The gnoll throws a throwing net.
The throwing net hits you.
You become entangled in the net!
You stop ascending the stairs.
You are held in a net!
You are held in a net!
You struggle against the net.
The kobold hits you but does no damage. The gnoll barely misses you. x2
You struggle against the net.
The kobold barely misses you.
The gnoll hits you from afar with a +0 halberd!
The gnoll hits you with a +0 whip.
* * * LOW HITPOINT WARNING * * *
The gnoll barely misses you.
You shred the net and break free! The kobold hits you but does no damage.
The gnoll barely misses you. You block the gnoll's attack.
The gnoll barely misses you. You block the kobold's attack.
The gnoll barely misses you.
The gnoll hits you but does no damage. x2
You climb upwards.
There is a stone staircase leading down here.
The kobold hits you with a +0 whip.
* * * LOW HITPOINT WARNING * * *
You see here a +0 whip.
You block the kobold's attack. The gnoll hits you with a +0 whip!
You die...

#.....)'...##.....# #........
#......###.##.....# ###......
#......'.#.##.....# #......
#......#.#[###'######## #......
######...#.# #........# #......
........##.###..#####.# #......
........##......# #.#.# #......
........#####...###.#.# #......
.............K.g@...#.#####......
.........####.............#######
..............>................#
........####.).##.#######.####.#
#####...# #..............# #..##
#...#########.###########...#
#...#.........##≈≈≈≈≈≈≈≈.8..#
##'##.#########≈≈.....≈≈≈.#.#
#.##.# #≈..≈≈≈..≈≈.#.#


You could see a gnoll and a kobold.

Levels and vault maps discovered:
D:1:      psy_arrival_whirlpool, layout_basic, minmay_rat_gold_closets
D:2:      layout_rooms, serial_shops, shop, basic_altar

Notes
Turn   | Place    | Note
-------+----------+-------------------------------------------
     0 | D:1      | ABBCCCDDDD the Gnoll Fighter began the quest for the Orb.
     0 | D:1      | Reached XP level 1. HP: 23/23 MP: 1/1
   162 | D:1      | Reached XP level 2. HP: 29/29 MP: 2/2
   372 | D:1      | Reached XP level 3. HP: 33/35 MP: 3/3
   562 | D:2      | Reached skill level 1 in Invocations
   849 | D:2      | Found an opulent altar of Gozag.
   881 | D:1      | Reached skill level 1 in Short Blades
   881 | D:1      | Reached skill level 1 in Long Blades
   881 | D:1      | Reached skill level 1 in Maces & Flails
   881 | D:1      | Reached skill level 1 in Polearms
   881 | D:1      | Reached skill level 1 in Staves
   881 | D:1      | Reached skill level 1 in Slings
   881 | D:1      | Reached skill level 1 in Bows
   881 | D:1      | Reached skill level 1 in Crossbows
   881 | D:1      | Reached skill level 1 in Throwing
   881 | D:1      | Reached skill level 1 in Dodging
   881 | D:1      | Reached skill level 1 in Stealth
   881 | D:1      | Reached skill level 1 in Unarmed Combat
   881 | D:1      | Reached skill level 1 in Spellcasting
   881 | D:1      | Reached skill level 1 in Evocations
  1090 | D:1      | Slain by a gnoll

Table legend: (Time is in decaauts)
 A = Elapsed time spent in this place.
 B = Non-inter-level travel time spent in this place.
 C = Inter-level travel time spent in this place.
 D = Time resting spent in this place.
 E = Time spent auto-exploring this place.
 F = Levels seen in this place.
 G = Mean time per level.
                   A        B        C        D        E       F      G
               +--------+--------+--------+--------+--------+-----+--------+
         Total |   1126 |   1113 |     13 |    406 |    488 |   2 |  563.0 |
       Dungeon |   1126 |   1113 |     13 |    406 |    488 |   2 |  563.0 |
               +--------+--------+--------+--------+--------+-----+--------+

Top non-repeatable levels by time:
     D:1: 742 daAuts
     D:2: 383 daAuts

Table legend:
 A = Kills in this place as a percentage of kills in entire the game.
 B = Kills by you in this place as a percentage of kills by you in the entire game.
 C = Kills by friends in this place as a percentage of kills by friends in the entire game.
 D = Other kills in this place as a percentage of other kills in the entire game.
 E = Experience gained in this place as a percentage of experience gained in the entire game.
 F = Experience gained in this place divided by the number of levels of this place that you have seen.
                   A       B       C       D       E      F
               +-------+-------+-------+-------+-------+----------------------
         Total | 100.0 | 100.0 |   N/A |   N/A | 100.0 |  38.0
       Dungeon | 100.0 | 100.0 |   N/A |   N/A | 100.0 |  38.0
               +-------+-------+-------+-------+-------+----------------------

Action                   || total
-------------------------++-------
Melee: War axe           ||    75
       Bite              ||     5
Armor: Scale mail        ||    40
Dodge: Dodged            ||    33
Block: Kite shield       ||    37

Vanquished Creatures
  An adder (D:2)
  A gnoll (D:1)
  2 dart slugs
  A ball python (D:1)
  3 endoplasms
  4 giant cockroaches
  4 goblins
  A hobgoblin (D:1)
  3 bats (D:1)
  10 rats (D:1)
30 creatures vanquished.
